Map: Eternal Empire LE

Players

SKillous

  • Race: Protoss Protoss
  • Spawn Location: 1:00

INnoVation - Winner!

  • Race: Terran Terran
  • Spawn Location: 7:00

Event: IEM Katowice 2020

VOD

Have the link to the VOD?

Description

Time

  • Played on: Feb. 24, 2020, 10:50 a.m.
  • Length: 13:07

All games in this series

Show
View Real Time Build Order
Export as new Build Order

SKillous Protoss 

Build Orders: 1 Gate Expand, Phoenix Opening, Colossus Rush 

Get SALT Encoding   

  12  0:00  Probe  
  13  0:12  Probe  
  14  0:18  Pylon  
  14  0:24  Probe (Chrono Boost)  
  14  0:28  Assimilator  
  15  0:37  Probe (Chrono Boost)  
  16  0:43  Gateway  
  16  0:46  Probe (Chrono Boost)  
  17  0:52  Probe  
  18  1:04  Probe  
  19  1:16  Probe  
  20  1:22  Nexus  
  20  1:31  Cybernetics Core  
  20  1:37  Probe  
  21  1:40  Assimilator  
  21  1:49  Probe  
  21  1:53  Pylon  
  22  2:01  Probe  
  23  2:08  Stalker (Chrono Boost)  
  23  2:13  Probe  
  26  2:16  Stargate  
  26  2:25  Probe (Chrono Boost)  
  27  2:35  Robotics Facility  
  27  2:37  Probe (Chrono Boost)  
  28  2:44  Probe (Chrono Boost)  
  30  2:45  Probe (Chrono Boost)  
  30  2:50  Probe (Chrono Boost)  
  32  2:51  Probe (Chrono Boost)  
  32  2:56  Assimilator  
  32  2:59  Probe  
  32  3:01  Phoenix (Chrono Boost)  
  32  3:02  Probe  
  36  3:05  Warp Gate  
  36  3:11  Probe  
  37  3:14  Probe  
  38  3:21  Phoenix (Chrono Boost)  
  38  3:23  Probe  
  38  3:26  Probe  
  42  3:27  Assimilator  
  42  3:31  Pylon  
  42  3:35  Probe  
  42  3:38  Probe  
  45  3:48  Probe  
  46  3:49  Phoenix (Chrono Boost)  
  46  3:53  Pylon  
  47  3:56  Probe  
  47  3:58  Observer (Chrono Boost)  
  47  3:59  Robotics Bay  
  47  4:01  Pylon  
  49  4:03  Probe  
  49  4:08  Probe  
  51  4:12  Phoenix (Chrono Boost)  
  51  4:15  Probe  
  54  4:22  Immortal (Chrono Boost)  
  58  4:24  Probe  
  58  4:27  Probe  
  60  4:32  Pylon  
  60  4:36  Probe  
  61  4:39  Probe  
  61  4:40  Phoenix  
  64  4:51  Colossus (Chrono Boost)  
  70  5:02  Nexus  
  70  5:05  Probe  
  70  5:06  Probe  
  72  5:10  Phoenix  
  74  5:18  Probe x2  
  74  5:19  Pylon  
  76  5:22  Pylon  
  76  5:30  Probe  
  76  5:33  Colossus (Chrono Boost)  
  76  5:34  Probe  
  78  5:35  Pylon  
  78  5:39  Phoenix  
  78  5:42  Probe  
  87  5:45  Assimilator  
  87  5:47  Probe  
  88  5:51  Assimilator  
  88  5:54  Probe, Stalker  
  85  5:59  Probe  
  83  6:06  Probe  
  83  6:09  Phoenix  
  86  6:12  Probe  
  86  6:18  Probe (Chrono Boost)  
  84  6:26  Probe (Chrono Boost)  
  84  6:30  Probe x2 (Chrono Boost), Colossus (Chrono Boost)  
  86  6:36  Probe (Chrono Boost)  
  86  6:38  Phoenix  
  96  6:40  Probe x2 (Chrono Boost)  
  96  6:41  Probe (Chrono Boost)  
  98  6:49  Probe x2, Stargate  
  98  6:52  Probe  
  101  7:01  Probe x2, Shield Battery  
  97  7:02  Sentry  
  97  7:04  Probe  
  97  7:05  Phoenix  
  104  7:10  Extended Thermal Lance  
  104  7:13  Probe x2  
  106  7:16  Probe  
  106  7:18  Pylon  
  107  7:24  Colossus (Chrono Boost)  
  107  7:25  Probe x2  
  107  7:28  Probe, Pylon  
  116  7:36  Pylon  
  118  7:39  Phoenix (Chrono Boost)  
  118  7:41  Probe  
  118  7:43  Probe, Phoenix (Chrono Boost)  
  122  7:44  Zealot  
  122  7:47  Protoss Air Weapons Level 1 (Chrono Boost)  
  124  7:55  Phoenix (Chrono Boost), Forge  
  126  8:00  Probe  
  126  8:01  Phoenix  
  127  8:10  Shield Battery, Zealot, Colossus (Chrono Boost)  
  129  8:14  Probe, Shield Battery  
  129  8:19  Pylon  
  136  8:20  Phoenix (Chrono Boost)  
  140  8:29  Protoss Ground Weapons Level 1  
  140  8:31  Phoenix (Chrono Boost)  
  140  8:32  Photon Cannon x2  
  140  8:36  Photon Cannon  
  140  8:38  Zealot  
  140  8:42  Phoenix (Chrono Boost)  
  142  8:53  Phoenix (Chrono Boost)  
  144  8:59  Phoenix  
  144  9:06  Disruptor  
  144  9:08  Probe  
  148  9:14  Nexus  
  146  9:17  Phoenix (Chrono Boost)  
  144  9:24  Phoenix (Chrono Boost)  
  144  9:29  Probe  
  145  9:33  Probe x2  
  145  9:36  Pylon  
  147  9:40  Fleet Beacon  
  147  9:44  Pylon  
  149  9:46  Phoenix (Chrono Boost)  
  149  9:48  Pylon x2  
  149  9:52  Assimilator  
  149  9:53  Disruptor (Chrono Boost)  
  149  9:54  Probe x2  
  149  9:57  Pylon, Assimilator  
  156  10:10  Photon Cannon  
  156  10:12  Photon Cannon  
  156  10:13  Zealot  
  156  10:16  Photon Cannon  
  156  10:18  Gateway  
  156  10:19  Shield Battery  
  156  10:20  Gateway  
  156  10:21  Shield Battery  
  156  10:22  Stargate, Gateway x2  
  156  10:23  Gateway  
  156  10:29  Probe x2  
  156  10:30  Twilight Council  
  156  10:31  Protoss Air Weapons Level 2  
  160  10:40  Photon Cannon  
  158  10:43  Anion Pulse-Crystals (Chrono Boost), Photon Cannon  
  158  10:44  Photon Cannon  
  158  10:52  Zealot  
  158  10:55  Shield Battery  
  160  10:57  Shield Battery  
  160  10:59  Pylon, Disruptor (Chrono Boost)  
  160  11:01  Photon Cannon  
  160  11:02  Photon Cannon  
  160  11:03  Photon Cannon  
  163  11:20  Photon Cannon  
  163  11:21  Carrier (Chrono Boost)  
  163  11:23  Photon Cannon  
  163  11:25  Photon Cannon  
  169  11:26  Pylon  
  169  11:31  Carrier (Chrono Boost)  
  175  11:38  Carrier (Chrono Boost)  
  181  11:41  Zealot x3  
  181  11:46  Zealot x2  
  183  11:51  Probe  
  176  11:56  Assimilator  
  176  12:01  Pylon  
  176  12:09  Cybernetics Core  
  176  12:10  Photon Cannon  
  176  12:11  Pylon, Sentry  
  176  12:14  Photon Cannon  
  178  12:16  Photon Cannon  
  178  12:21  Zealot  
  186  12:23  Sentry  
  182  12:34  Stalker  
  182  12:35  Stalker x2  
  107  12:56  Stalker  
Show
View Real Time Build Order
Export as new Build Order

INnoVation Terran - Winner!

Build Orders: Liberator Opening, Reaper Expand 

Get SALT Encoding   

  12  0:00  SCV  
  13  0:12  SCV  
  14  0:17  Supply Depot  
  14  0:25  SCV  
  15  0:38  SCV  
  15  0:40  Barracks  
  16  0:43  Refinery  
  16  0:50  SCV  
  17  1:02  SCV  
  18  1:14  SCV  
  19  1:27  Reaper, Orbital Command  
  20  1:40  Command Center  
  20  1:50  Supply Depot  
  20  1:53  SCV  
  21  1:59  Marine  
  22  2:05  SCV  
  23  2:08  Factory  
  23  2:13  Refinery  
  23  2:17  SCV  
  23  2:21  Barracks Reactor  
  24  2:29  SCV  
  25  2:41  SCV  
  26  2:53  SCV, Orbital Command, Widow Mine  
  26  2:55  Starport  
  26  2:57  Marine x2  
  31  3:05  SCV  
  32  3:14  Factory Tech Lab  
  32  3:15  Marine x2  
  32  3:17  SCV  
  34  3:20  SCV  
  35  3:30  SCV  
  35  3:31  Viking  
  35  3:32  SCV  
  35  3:33  Cyclone  
  42  3:36  Supply Depot  
  42  3:42  SCV  
  42  3:45  SCV  
  44  3:54  SCV  
  44  3:55  Command Center  
  45  3:57  SCV  
  45  3:59  Marine  
  45  4:02  Liberator  
  50  4:08  SCV  
  50  4:09  SCV, Supply Depot  
  52  4:14  Marine  
  52  4:17  Marine  
  53  4:22  Barracks  
  54  4:28  Supply Depot  
  56  4:31  SCV x2  
  56  4:34  Marine x2  
  56  4:37  Barracks  
  55  4:43  SCV x2  
  57  4:46  Engineering Bay  
  57  4:47  Engineering Bay  
  57  4:48  Starport Tech Lab  
  57  4:51  Marine  
  57  4:55  SCV x2  
  57  4:57  Marine  
  60  5:00  Refinery  
  60  5:04  Refinery  
  60  5:07  SCV x2  
  60  5:09  Orbital Command  
  60  5:10  Factory Reactor, Stimpack  
  60  5:13  Terran Infantry Weapons Level 1  
  62  5:16  Terran Infantry Armor Level 1  
  62  5:17  Starport Reactor  
  62  5:19  SCV x2  
  64  5:21  Marine x3  
  64  5:27  Barracks  
  67  5:32  SCV x2  
  67  5:35  Combat Shield  
  69  5:37  Barracks  
  68  5:43  Missile Turret, Orbital Command  
  68  5:44  SCV x2  
  68  5:46  Missile Turret  
  70  5:50  Marauder x2  
  70  5:52  Marine x2  
  70  5:56  SCV x2  
  76  6:00  Medivac  
  82  6:05  Supply Depot  
  82  6:08  Supply Depot  
  82  6:09  SCV x2, Medivac  
  82  6:10  SCV  
  83  6:13  Missile Turret  
  83  6:21  SCV  
  83  6:22  SCV x2  
  83  6:23  Armory  
  83  6:24  Supply Depot x2  
  83  6:25  Barracks Tech Lab  
  83  6:31  Marauder x2, Marine x3  
  83  6:32  Marine  
  91  6:37  Medivac  
  91  6:39  Medivac  
  95  6:40  Refinery  
  95  6:42  Refinery  
  95  6:45  SCV x3  
  93  6:53  Marauder x3  
  99  7:00  Marine x4  
  103  7:01  SCV x3  
  106  7:10  Supply Depot  
  106  7:11  Medivac x2, Supply Depot  
  106  7:12  Terran Infantry Weapons Level 2  
  106  7:15  SCV x3  
  113  7:21  Terran Infantry Armor Level 2  
  113  7:34  Terran Ship Weapons Level 1, SCV x3  
  116  7:40  Command Center  
  116  7:41  Supply Depot  
  116  7:42  Factory Reactor  
  116  7:44  Starport  
  116  7:47  Viking  
  116  7:48  Viking  
  120  7:51  SCV x2  
  120  7:52  SCV  
  123  8:01  Marauder x2  
  123  8:02  Marauder  
  123  8:03  Concussive Shells  
  123  8:04  Supply Depot  
  123  8:05  Marine x3  
  129  8:07  Marine  
  133  8:16  SCV x2, Supply Depot  
  133  8:17  SCV  
  133  8:18  Viking x2  
  140  8:26  Marauder x3  
  146  8:29  Viking  
  146  8:30  Viking  
  146  8:33  Supply Depot  
  148  8:37  SCV x3  
  151  8:43  Supply Depot  
  151  8:47  Fusion Core  
  151  8:49  SCV x3, Refinery  
  151  8:52  Planetary Fortress  
  151  8:54  Missile Turret  
  154  8:57  Refinery  
  154  9:00  Viking  
  157  9:04  Viking x3  
  157  9:09  SCV x3, Marine  
  153  9:10  Marine x3  
  146  9:27  Marauder, Marine x2  
  146  9:28  Marauder x2, Marine x2  
  146  9:30  Viking  
  147  9:33  SCV x4  
  147  9:34  Viking x3  
  147  9:37  Terran Ship Weapons Level 2  
  152  9:39  Ghost Academy  
  152  9:45  SCV x3  
  154  9:53  Terran Infantry Weapons Level 3  
  154  9:55  Terran Infantry Armor Level 3  
  154  9:59  Barracks  
  154  10:00  Barracks  
  154  10:01  Marine x4  
  154  10:02  Barracks  
  158  10:08  Viking  
  158  10:09  Viking x2  
  158  10:12  Viking  
  166  10:18  Sensor Tower  
  166  10:21  Marine x4  
  165  10:24  Supply Depot x2, Ghost  
  165  10:27  Ghost  
  173  10:30  Ghost  
  174  10:39  Command Center  
  174  10:41  Missile Turret  
  174  10:46  Viking x3  
  174  10:48  Viking  
  182  10:53  Enhanced Shockwaves  
  182  10:59  Barracks Reactor, Barracks Tech Lab x2  
  182  11:00  Marine x4  
  186  11:05  Ghost  
  186  11:08  Ghost  
  190  11:13  Ghost  
  190  11:17  Marine x2  
  194  11:19  Marine x2  
  194  11:20  Marine x2  
  198  11:27  Advanced Ballistics  
  198  11:34  Marauder  
  186  11:51  Liberator x3  
  186  11:52  Liberator  
  194  11:55  Marine  
  194  11:56  Unknown, Marine x5  
  200  12:02  Planetary Fortress  
  200  12:04  Missile Turret  
  200  12:07  Missile Turret  
  200  12:10  Command Center  
  200  12:16  Command Center  
  200  12:19  Command Center  
  176  12:39  Marauder x5, Marine x3  

Tags
 
Add a new tag
Caveats
  • Supply blocks, unpowered buildings, or Contaminate may cause inaccurate times.
  • Supply counts are checked every 10 seconds.